 Dungeon Crawl Stone Soup version 0.23-a0-642-g3120c2f5a9 (webtiles) character file.

7 HereIgoKillingAgain the Ruffian (level 1, -1/16 HPs)
             Began as a Draconian Transmuter on Dec 31, 2018.
             Slain by a gnoll
             ... wielding a +0 club
              (3 damage)
             ... on level 1 of the Dungeon.
             The game lasted 00:00:23 (254 turns).

HereIgoKillingAgain the Ruffian (DrTm)               Turns: 254, Time: 00:00:24

Health: -1/16      AC:  4    Str: 12    XL:     1   Next: 91%
Magic:  2/3        EV: 12    Int: 13    God:
Gold:   10         SH:  0    Dex: 11    Spells: 3/4 levels left

rFire    . . .     SeeInvis .     - Unarmed
rCold    . . .     Gourm    .   (no shield)
rNeg     . . .     Faith    .   (armour unavailable)
rPois    .         Spirit   .   (helmet restricted)
rElec    .         Reflect  .   (no cloak)
rCorr    .         Harm     .   (no gloves)
MR       .....                  (no boots)
Stlth    +.........             (no amulet)
HPRegen  0.05/turn              (no ring)
MPRegen  0.08/turn              (no ring)

@: very slightly contaminated
A: unfitting armour, cold-blooded, AC +4
a: no special abilities


You were on level 1 of the Dungeon.
You were not hungry.

You visited 1 branch of the dungeon, and saw 1 of its levels.

You collected 10 gold pieces.

Inventory:

Missiles
 a - 12 arrows
Jewellery
 b - an uncursed ring of protection from fire {unknown}
Comestibles
 c - a ration


   Skills:
 + Level 1.5 Fighting
 - Level 1.7 Dodging
 + Level 3.2 Unarmed Combat
 - Level 2.0 Spellcasting
 + Level 2.2 Transmutations


You had 3 spell levels left.
You knew the following spells:

 Your Spells              Type           Power        Failure   Level  Hunger
a - Beastly Appendage     Tmut           #.....       11%         1    ##.....

Your spell library contained the following spells:

 Spells                   Type           Power        Failure   Level  Hunger
 Sticks to Snakes         Tmut           #.......     16%         2    ###....
 Spider Form              Tmut/Pois      #.........   43%         3    ####...
 Ice Form                 Ice/Tmut       #.......     85%         4    #####..
 Blade Hands              Tmut           #.........   96%         5    ######.


Dungeon Overview and Level Annotations

Branches:
Dungeon (1/15)

Altars:


Innate Abilities, Weirdness & Mutations

Your plain brown scales are hard. (AC +4)
You cannot fit into any form of body armour.
You are cold-blooded and may be slowed by cold attacks.


Message History

The dart slug launches a dart at you. The slug dart misses you.
You hit the gnoll. You tail-slap the gnoll.
The gnoll is moderately wounded.
The gnoll hits you with a +0 club.
Casting: Beastly Appendage (safe; 11% risk of failure)
Confirm with . or Enter, or press ? or * to list all spells.
You miscast Beastly Appendage.
You are very lightly contaminated with residual magic.
Nothing appears to happen.
The gnoll hits you with a +0 club!
Ouch! That really hurt!
The dart slug launches a dart at you. The slug dart hits you!
* * * LOW HITPOINT WARNING * * *
You aren't carrying any potions.
You aren't carrying any scrolls.
You hit the gnoll.
The gnoll is heavily wounded.
The gnoll hits you with a +0 club.
You die...

#.P######.#####
#P.PP.P#......#
#PP..P.##.###.#
##.P..P.#.###.###
#...P###........#
...######...###.##.##
#............#......
##########.#####......#.
..######...# #@.......
..##.##..### #g...###.
#.##.#.###.# #...#....
##.#.#.##...#. #.....###
#..#...#..≈... #.....w
#.#†..≈.≈≈...###.....##
#...≈≈≈≈≈≈.##.##..##.#
##≈.≈≈≈≈≈≈.#.###..# .#
##≈.≈≈≈≈.≈...#


You could see a gnoll and a dart slug.

Vanquished Creatures
  A leopard gecko (D:1)
  A hobgoblin (D:1)
  4 frilled lizards (D:1)
  2 rats (D:1)
8 creatures vanquished.

Notes
Turn   | Place    | Note
-------+----------+-------------------------------------------
     0 | D:1      | HereIgoKillingAgain the Draconian Transmuter began the
                  | quest for the Orb.
     0 | D:1      | Reached XP level 1. HP: 16/16 MP: 3/3
   254 | D:1      | Slain by a gnoll

Vault maps used:
D:1:      dpeg_arrival_subterranean_lakeside_camping, minmay_misc_feat_x,
          hangedman_decor_clover_reticule, minmay_lizard_king

Action                   || total
-------------------------++-------
Melee: Unarmed           ||    31
       Tailslap          ||     6
       Headbutt          ||     2
 Cast: Beastly Appendage ||     3
Armor: Skin              ||     9
Dodge: Dodged            ||    18

Table legend:
 A = Non-vault XP
 B = Vault XP
 C = Vault XP percentage of total XP
 D = Non-vault monster count
 E = Vault monster count
 F = Vault count percentage of total count
                 A         B        C        D         E       F
            +---------+---------+-------+---------+---------+-------
      Total |       2 |       9 |  81.8 |       1 |       7 |  87.5
            +---------+---------+-------+---------+---------+-------
        D:1 |       2 |       9 |  81.8 |       1 |       7 |  87.5
            +---------+---------+-------+---------+---------+-------
